 Dungeon Crawl Stone Soup version 0.29.1-1-gd02db6906a (webtiles) character file.

Game seed: 14061710073754341697

12 lanetrain the Ruffian (level 2, -1/26 HPs)
             Began as a Ghoul Monk on Sept 24, 2022.
             Was an Initiate of Gozag.
             Slain by a gnoll
             ... wielding a +0 spear
              (6 damage)
             ... on level 1 of the Dungeon.
             The game lasted 00:07:52 (484 turns).

lanetrain the Ruffian (Ghoul Monk)                   Turns: 484, Time: 00:07:52

Health: -1/26      AC:  2    Str: 14    XL:     2   Next: 33%
Magic:  1/1        EV: 12    Int:  5    God:    Gozag
Gold:   73         SH:  0    Dex: 11    Spells: 1/1 levels left

rFire   + . .      SeeInvis .   j - +3 short sword
rCold   + . .      Faith    .   (no shield)
rNeg    + + +      Spirit   .   a - +0 robe
rPois   ∞          Reflect  .   (no helmet)
rElec   .          Harm     .   (no cloak)
rCorr   .          Rampage  .   (no gloves)
Will    .....                   (no boots)
Stlth   ++........              (no amulet)
HPRegen 0.00/turn               c - ring of protection from fire
MPRegen 0.07/turn               (no ring)

@: inhibited regen
A: claws 1, cold resistance 1, negative energy resistance 3, inhibited
regeneration, torment resistance 2, devour on kill
a: Renounce Religion, Potion Petition, Call Merchant, Bribe Branch


You were on level 1 of the Dungeon.
You worshipped Gozag.
Gozag was noncommittal.
You visited 1 branch of the dungeon, and saw 1 of its levels.

You collected 73 gold pieces.

Inventory:

Hand Weapons
 d - a +0 dagger
 f - a +0 sling
 h - a +0 arbalest
 j - a +3 short sword (weapon)
Missiles
 k - 5 stones (quivered)
Armour
 a - a +0 robe (worn)
 i - an orb of light
 l - a +0 kite shield
Jewellery
 c - a ring of protection from fire (left claw)
Scrolls
 g - a scroll of poison {unknown}
Potions
 b - a potion of ambrosia
 e - a potion of curing {unknown}


   Skills:
 + Level 3.5 Fighting
 + Level 2.9 Dodging
 + Level 2.3 Stealth
 + Level 3.6 Unarmed Combat


You had one spell level left.
You didn't know any spells.
Your spell library was empty.

Dungeon Overview and Level Annotations

Branches:
Dungeon (1/15)

Altars:
Gozag

Shops:
D:1 ?


Innate Abilities, Weirdness & Mutations

You are immune to poison.
You have sharp fingernails.
Your flesh is cold resistant. (rC+)
You are immune to negative energy. (rN+++)
You do not regenerate when monsters are visible.
You are immune to unholy pain and torment.
You thrive by killing the living.


Message History

The helpless giant cockroach fails to defend itself.
You puncture the giant cockroach!
You kill the giant cockroach!
You now have 66 gold pieces (gained 3).
A hobgoblin comes into view.
The hobgoblin barely misses you.
You hit the hobgoblin.
The hobgoblin is severely wounded.
The hobgoblin closely misses you.
You hit the hobgoblin.
The hobgoblin is almost dead.
The hobgoblin hits you.
You hit the hobgoblin.
You kill the hobgoblin!
You now have 73 gold pieces (gained 7).
A gnoll comes into view. It is wielding a +0 spear.
A goblin comes into view. It is wielding a +0 club.
The gnoll shouts!
The goblin shouts!
The gnoll misses you.
You closely miss the gnoll. The gnoll closely misses you.
The gnoll hits you with a +0 spear.
You hit the gnoll.
The gnoll is moderately wounded.
The gnoll hits you with a +0 spear.
You hit the gnoll.
The gnoll is heavily wounded.
The gnoll hits you with a +0 spear!
You hit the gnoll.
The gnoll is heavily wounded.
The gnoll closely misses you.
You completely miss the gnoll.
The gnoll is heavily wounded.
The gnoll hits you with a +0 spear.
* * * LOW HITPOINT WARNING * * *
You hit the gnoll.
The gnoll is severely wounded.
The gnoll hits you with a +0 spear.
You die...
Your body crumbles into a pile of gold.

...# #.#
######.^..#.# ...#
#.# #.......######
####
#.###..............
#.#.#.......#######
#.#.#.......#
#.#.#.......#
#.#......#.##
#.#.####.#.# #.#.#
#.#@# #.#.# #.#g#
#.#.# #.#g# # #.#.#
#.#.# # #.#.# #.#..
### #.#.# #.#..
..## #.#.# #.###
...# #.#.# ...#
#.#.#


You could see a gnoll and a goblin.

Vanquished Creatures
  3 ball pythons (D:1)
  2 endoplasms (D:1)
  A giant cockroach (D:1)
  A goblin (D:1)
  A hobgoblin (D:1)
  A bat (D:1)
  2 frilled lizards (D:1)
  A rat (D:1)
12 creatures vanquished.

Vanquished Creatures (others)
  3 plants (D:1)
  A withered plant (D:1)
4 creatures vanquished.

Grand Total: 16 creatures vanquished

Notes
Turn   | Place    | Note
-------+----------+-------------------------------------------
     0 | D:1      | lanetrain the Ghoul Monk began the quest for the Orb.
     0 | D:1      | Reached XP level 1. HP: 19/19 MP: 0/0
    18 | D:1      | Found a faded altar of an unknown god.
    58 | D:1      | Prayed at the altar of an unknown god.
    58 | D:1      | Became a worshipper of Gozag Ym Sagoz the Greedy
    74 | D:1      | Found Uxaduas's Magic Scroll Shoppe.
   210 | D:1      | Reached XP level 2. HP: 22/26 MP: 1/1
   484 | D:1      | Slain by a gnoll

Illustrated notes

Levels and vault maps discovered:
D:1:      dpeg_arrival_tiny_k, layout_basic,
          shapermc_ecumenical_altar_flowoftime, serial_shops, shop

Action                   || total
-------------------------++-------
Melee: Unarmed           ||    33
       Short sword       ||    15
       Punch             ||     1
  Use: Scroll            ||     1
 Stab: Sleeping          ||     2
Armor: Robe              ||     3
Dodge: Dodged            ||    16
